 Dungeon Crawl Stone Soup version 0.31-a0-182-gc5ef74bbde (webtiles) character file.

Game seed: 9946163055465051366

130 lunkers the Chopper (level 5, 0/45 HPs)
             Began as a Meteoran Fighter on June 21, 2023.
             Slain by an iron imp (5 damage)
             ... summoned by Eustachio
             ... on level 4 of the Dungeon.
             The game lasted 00:03:26 (1596 turns).

lunkers the Chopper (Meteoran Fighter)              Turns: 1596, Time: 00:03:26

Health: 0/45       AC: 12    Str: 20    XL:     5   Next: 63%
Magic:  6/6        EV:  5    Int: 15    God:
Gold:   120        SH:  5    Dex: 13    Spells: 4/4 levels left

rFire   + . .        a - +0 war axe
rCold   . . .        c - +0 buckler
rNeg    . . .        h - +0 plate armour
rPois   .            (no helmet)
rElec   .            i - +0 cloak
rCorr   .            (no gloves)
SInv    .            (no boots)
Will    .....        (no amulet) Stlth
                     g - ring of protection from fire
HPRegen 0.27/turn    b - +6 ring of intelligence
MPRegen 0.10/turn

%: no passive effects
@: glowing
A: sense surroundings 1, otherworldly, glowing, explore regen
a: no special abilities


You were on level 4 of the Dungeon.
You visited 1 branch of the dungeon, and saw 4 of its levels.

You collected 120 gold pieces.

Inventory:

Hand Weapons
 a - a +0 war axe (weapon)
Armour
 c - a +0 buckler (worn)
 h - a +0 plate armour (worn)
 i - a +0 cloak (worn)
 j - the +0 scale mail of the Catamount {Harm Slay+2}
   (You found it on level 3 of the Dungeon)

   Slay:      It affects your accuracy & damage with ranged weapons and melee
   (+2).
   Harm:      It increases damage dealt and taken.
Jewellery
 b - a +6 ring of intelligence (right hand)
 g - a ring of protection from fire (left hand)
 n - a +6 ring of intelligence
Scrolls
 k - a scroll of immolation {unknown}
 l - a scroll of teleportation {unknown}
 m - 2 scrolls of identify
 p - a scroll of amnesia
Potions
 d - a potion of lignification
 e - a potion of haste
 f - a potion of cancellation {unknown}
 o - a potion of curing {unknown}


   Skills:
 - Level 3.2 Fighting
 + Level 6.2 Axes
 - Level 3.6 Armour
 - Level 3.6 Shields


You had 4 spell levels left.
You didn't know any spells.
Your spell library was empty.

Dungeon Overview and Level Annotations

Branches:
Dungeon (4/15) Zot: 716
 Temple: D:4-7

Altars:

Shops:
D:3 :

Annotations:
D:4 Eustachio


Innate Abilities, Weirdness & Mutations

You passively map a small area around you.
You are easily found by Zot.
You glow in the dark.
You regain HP and MP as you explore.


Message History

You slash Eustachio!
Eustachio is almost dead.
You slash the quokka!
You kill the quokka!
The quokka's corpse disappears in a puff of smoke!
Eustachio barely misses you. x2
Unknown command.
Unknown command.
You closely miss Eustachio.
Eustachio is almost dead.
You slash the rat!
You kill the rat!
The rat's corpse disappears in a puff of smoke!
Eustachio utters an oath, "I will die for my friends!"
You block Eustachio's attack.
Unknown command.
You miss Eustachio.
Eustachio is almost dead.
Eustachio mumbles some strange words.
Unknown command.
You barely miss Eustachio.
Eustachio is almost dead.
You hit the iron imp but do no damage.
Eustachio yells, "Perjured traitor, DIE!"
Eustachio casts a spell.
Eustachio blinks!
Unknown command.
The iron imp hits you.
* * * LOW HITPOINT WARNING * * *
The iron imp barely misses you.
The iron imp hits you but does no damage.
You block the iron imp's attack.
You barely miss Eustachio.
Eustachio is almost dead.
You hit the iron imp but do no damage. You hit the iron imp.
Eustachio utters an oath, "I will die for my friends!"
You block Eustachio's attack.
The iron imp hits you but does no damage.
The iron imp hits you.
You die...

####...###########...#
,
+.....................
,,
####...###########...#
, ##..# ##..# * ##.#
##.# * , ########.#
##.# #..>.†...# ##.#.
#.#####5.# ##<### *
#@5# #.## # , , #@.#
#..### * #..# #.#.#. ,
* ,...#** #.##.# *
*###.. * #.#### * * *
#.#. #..... * * ,..##
** #####. * , * ##, ##
, , ,


You could see Eustachio and 2 iron imps.

Vanquished Creatures
  Crazy Yiuf (D:2)
  An iguana (D:4)
  An orc wizard (D:2)
  2 dart slugs
  4 orcs (D:2)
  4 ball pythons
  A bat (D:1)
  3 endoplasms
  4 hobgoblins
  4 jackals (D:1)
  2 quokkas
  A frilled lizard (D:1)
  4 goblins (D:1)
  3 kobolds
  8 rats
43 creatures vanquished.

Notes
Turn   | Place    | Note
-------+----------+-------------------------------------------
     0 | D:1      | lunkers the Meteoran Fighter began the quest for the Orb.
     0 | D:1      | Reached XP level 1. HP: 19/19 MP: 2/2
    52 | D:1      | Reached skill level 3 in Axes
    52 | D:1      | Reached XP level 2. HP: 20/26 MP: 3/3
   228 | D:1      | Reached XP level 3. HP: 31/31 MP: 4/4
   385 | D:1      | Reached skill level 4 in Axes
   471 | D:1      | Glimpsed the power of Zot.
   596 | D:2      | Found a runed translucent door.
   597 | D:2      | Noticed Crazy Yiuf
   636 | D:2      | Reached XP level 4. HP: 24/38 MP: 5/5
   639 | D:2      | Reached skill level 5 in Axes
   678 | D:2      | Killed Crazy Yiuf
   679 | D:2      | Reached XP level 5. HP: 34/45 MP: 6/6
  1209 | D:3      | Found Qudiqoc's Book Emporium.
  1289 | D:3      | Identified the +0 scale mail of the Catamount {Harm Slay+2}
  1551 | D:4      | Noticed Eustachio
  1561 | D:4      | Reached skill level 6 in Axes
  1596 | D:4      | Slain by an iron imp

Illustrated notes

Levels and vault maps discovered:
D:1:      reono_arrival_forest_river, layout_loops_corners
D:2:      layout_loops_corners, shapermc_ecumenical_altar_mp_vishouse,
          serial_bayou, serial_bayou_pond_b, serial_bayou_pond_a,
          serial_bayou_lake_a, serial_bayou_shore_b, uniq_crazy_yiuf_cottage
D:3:      layout_basic, serial_shops, shop, saegor_snake_ambush
D:4:      layout_loops_corners, serial_shops, shop, shop_statue,
          minmay_misc_feat_tower, chequers_serial_rivers_small_a, uniq_eustachio

Skill      XL: |  1  2  3  4  5 |
---------------+----------------+-----
Axes           | 3 4 5 6 |  6.2
Fighting       | |  3.2
Armour         | |  3.6
Shields        | |  3.6

Action                     |  1- 3 |  4- 6 || total
---------------------------+-------+-------++-------
  Melee: War axe           |    61 |    84 ||   145
    Use: Potion            |       |     1 ||     1
         Scroll            |       |     3 ||     3
 Armour: Scale mail        |    24 |       ||    24
         Plate armour      |     7 |    57 ||    64
  Dodge: Dodged            |    18 |    28 ||    46
  Block: Buckler           |    18 |    20 ||    38

Table legend: (Time is in decaauts)
 A = Elapsed time spent in this place.
 B = Non-inter-level travel time spent in this place.
 C = Inter-level travel time spent in this place.
 D = Time resting spent in this place.
 E = Time spent auto-exploring this place.
 F = Levels seen in this place.
 G = Mean time per level.
                   A        B        C        D        E       F      G
               +--------+--------+--------+--------+--------+-----+--------+
         Total |   1682 |   1662 |     20 |      0 |   1163 |   4 |  420.5 |
       Dungeon |   1682 |   1662 |     20 |      0 |   1163 |   4 |  420.5 |
               +--------+--------+--------+--------+--------+-----+--------+

Top non-repeatable levels by time:
     D:2: 568 daAuts
     D:1: 501 daAuts
     D:3: 419 daAuts
     D:4: 192 daAuts
